 Dungeon Crawl Stone Soup version 0.19.5 (webtiles) character file.

174 tidbits the Ducker (level 5, -6/36 HPs)
             Began as a High Elf Wanderer on Aug 8, 2017.
             Killed by nerve-wracking pain
             ... invoked by a shadow imp
              (10 damage)
             ... on level 5 of the Dungeon.
             The game lasted 00:11:30 (1738 turns).

tidbits the Ducker (High Elf Wanderer)              Turns: 1738, Time: 00:11:31

Health: -6/36      AC:  9    Str: 13    XL:     5   Next: 28%
Magic:  11/11      EV: 12    Int: 15    God:
Gold:   81         SH:  0    Dex: 14    Spells: 0 memorised, 11 levels left

rFire  . . .     SeeInvis .     a - +2 dagger
rCold  . . .     Gourm    .     B - +0 ring mail
rNeg   . . .     Faith    .     (no shield)
rPois  .         Spirit   .     E - +2 helmet
rElec  .         Reflect  .     (no cloak)
rCorr  .         Harm     .     G - +0 pair of gloves
MR     .....                    (no boots)
Stlth  +.........               (no amulet)
                                (no ring)
                                (no ring)

@: no status effects
A: no striking features
a: no special abilities


You were on level 5 of the Dungeon.
You were not hungry.

You visited 1 branch of the dungeon, and saw 5 of its levels.

You collected 81 gold pieces.

Inventory:

Hand Weapons
 a - a +2 dagger (weapon)
Missiles
 g - 79 stones (quivered)
 k - 48 arrows
Armour
 d - a +0 robe
 e - a +0 leather armour
   (You found it on level 1 of the Dungeon)
 B - a +0 ring mail (worn)
   (You found it on level 2 of the Dungeon)
 E - a +2 helmet (worn)
   (You found it on level 1 of the Dungeon)
 G - a +0 pair of gloves (worn)
   (You found it on level 2 of the Dungeon)
Wands
 o - a wand of disintegration (9/24)
   (You found it on level 3 of the Dungeon)
Scrolls
 f - a scroll of fear
 h - a scroll of random uselessness {unknown}
 i - a scroll of enchant weapon {unknown}
 l - a scroll of recharging {unknown}
 r - 4 scrolls of remove curse
 t - a scroll of teleportation
Potions
 c - a potion of cancellation
 m - a potion of invisibility
 n - a potion of heal wounds {unknown}
Comestibles
 b - 3 bread rations
 j - 4 chunks of flesh


   Skills:
 + Level 3.2 Fighting
 - Level 1.0 Throwing
 - Level 4.0 Dodging
 - Level 1.1 Stealth
 - Level 3.6 Spellcasting
   Level 1.7 Summonings
   Level 1.1 Transmutations
   Level 2.0 Fire Magic


You had 11 spell levels left.
You didn't know any spells.

Dungeon Overview and Level Annotations

Branches:
Dungeon (5/15)
 Temple: D:4-7

Altars:


Message History

The giant cockroach is heavily wounded.
The giant cockroach bites you but does no damage.
The giant cockroach completely misses you.
You closely miss the giant cockroach.
The giant cockroach is heavily wounded.
The giant cockroach bites you but does no damage.
You hit the giant cockroach.
The giant cockroach is severely wounded.
The giant cockroach closely misses you.
You closely miss the giant cockroach.
The giant cockroach is severely wounded.
The giant cockroach bites you.
You closely miss the giant cockroach.
The giant cockroach is severely wounded.
The giant cockroach barely misses you.
You closely miss the giant cockroach.
The giant cockroach is severely wounded.
The giant cockroach bites you but does no damage.
The giant cockroach misses you.
You closely miss the giant cockroach.
The giant cockroach is severely wounded.
The giant cockroach misses you.
You closely miss the giant cockroach.
The giant cockroach is severely wounded.
The giant cockroach bites you.
Your ring mail prevents you from hitting the giant cockroach.
The giant cockroach is severely wounded.
The giant cockroach closely misses you.
The orc shouts!
You hit the giant cockroach.
You kill the giant cockroach!
A bat comes into view.
The orc hits you but does no damage.
You hit the orc.
The orc is severely wounded.
The orc hits you but does no damage.
You hit the orc.
The orc is almost dead.
The orc barely misses you.
You hit the orc.
You kill the orc!
Found a scroll of remove curse.
Things that are here:
a club; an orc corpse A frilled lizard comes into view.
You see here a scroll of remove curse.
r - 4 scrolls of remove curse (gained 1)
The bat barely misses you. x2
The bat barely misses you. The bat misses you.
Found an escape hatch in the floor.
The bat misses you.
A gnoll comes into view. It is wielding a whip.
You closely miss the bat. The bat barely misses you.
The gnoll moves out of view.
A gnoll comes into view. It is wielding a flail.
The bat hits you but does no damage. The bat barely misses you.
The gnoll shouts!
You hit the bat.
You kill the bat!
There is a stone staircase leading down here.
A gnoll comes into view. It is wielding a spear.
The gnoll barely misses you.
You climb downwards.
Found a stone staircase leading down.
There is a stone staircase leading up here.
You hit the gnoll.
The gnoll is lightly wounded.
The gnoll hits you with a whip.
You barely miss the gnoll.
The gnoll is lightly wounded.
The gnoll hits you but does no damage.
You hit the gnoll.
The gnoll is heavily wounded.
The gnoll barely misses you.
You hit the gnoll.
The gnoll is almost dead.
The gnoll hits you with a whip!
You hit the gnoll but do no damage.
The gnoll is almost dead.
The gnoll hits you with a whip.
* * * LOW HITPOINT WARNING * * *
You hit the gnoll.
You kill the gnoll!
Things that are here:
a whip; a gnoll corpse You butcher the gnoll corpse.
j - 4 chunks of flesh (gained 3)
You see here a whip.
There is a stone staircase leading down here.
You climb downwards.
Found a green potion and a quarterstaff.
There is a stone staircase leading up here.
A shadow imp comes into view.
The shadow imp gestures at you. Pain shoots through your body!
* * * LOW HITPOINT WARNING * * *
There is a stone staircase leading up here.
The shadow imp gestures at you. Pain shoots through your body!
You die...

# #.. ..
########.##..
#.......!....
#...@....#
#.####...#
......#
..5....
....)..
.....##
..#....
..#....


You could see a shadow imp.

Vanquished Creatures
  5 gnolls
  6 adders (D:2)
  An ooze (D:2)
  A worm (D:2)
  2 dart slugs
  A leopard gecko (D:2)
  An orc (D:3)
  10 bats
  4 giant cockroaches
  5 goblins
  4 hobgoblins
  9 jackals
  6 frilled lizards
  3 kobolds
  5 rats
63 creatures vanquished.

Notes
Turn   | Place    | Note
-------+----------+-------------------------------------------
     0 | D:1      | tidbits the High Elf Wanderer began the quest for the Orb.
     0 | D:1      | tidbits set off with: a +2 dagger, a scroll of fear, a scroll of teleportation, a +0 robe, a bread ration
     0 | D:1      | Reached XP level 1. HP: 11/11 MP: 6/6
   142 | D:1      | Reached skill level 1 in Dodging
   250 | D:1      | Reached XP level 2. HP: 16/17 MP: 7/7
   432 | D:2      | Reached skill level 1 in Fighting
   526 | D:2      | Reached XP level 3. HP: 8/24 MP: 9/9
   633 | D:1      | Reached skill level 2 in Fighting
   739 | D:2      | Reached skill level 2 in Dodging
   881 | D:2      | Reached skill level 3 in Dodging
   881 | D:2      | Reached XP level 4. HP: 18/29 MP: 10/10
  1282 | D:2      | HP: 2/29 [hobgoblin (4)]
  1333 | D:2      | Reached skill level 4 in Dodging
  1556 | D:1      | Reached XP level 5. HP: 17/35 MP: 11/11
  1664 | D:3      | Reached skill level 3 in Fighting
  1735 | D:5      | Entered Level 5 of the Dungeon
  1738 | D:5      | Killed from afar by a shadow imp

Skill      XL: |  1  2  3  4  5 |
---------------+----------------+-----
Dodging        | 1 3 4 |  4.0
Fighting       | 1 2 3 |  3.2
Throwing       | |  1.0
Stealth        | |  1.1
Spellcasting   | |  3.6
Summonings     | |  1.7
Transmutations | |  1.1
Fire Magic     | |  2.0

Action                   |  1- 3 |  4- 6 || total
-------------------------+-------+-------++-------
Melee: Dagger            |   124 |   147 ||   271
  Use: Scroll            |     3 |     2 ||     5
 Stab: Sleeping          |     3 |       ||     3
  Eat: Chunk             |       |     3 ||     3
Armor: Leather armour    |    29 |       ||    29
       Ring mail         |    10 |    53 ||    63
Dodge: Dodged            |   102 |   107 ||   209

Table legend:
 A = Turns spent in this place as a percentage of turns spent in the entire game.
 B = Non-inter-level travel turns spent in this place as a percentage of non-inter-level travel turns spent in the entire game.
 C = Inter-level travel turns spent in this place as a percentage of turns spent in this place.
 D = Turns resting spent in this place as a percentage of non-inter-level travel turns spent in this place.
 E = Turns spent auto-exploring this place as a percentage of non-inter-level travel turns spent in this place.
 F = Non-inter-level travel turns spent in this place divided by the number of levels of this place that you've seen.
                   A       B       C       D       E      F
               +-------+-------+-------+-------+-------+----------------------
         Total | 100.0 | 100.0 |   0.3 |   0.0 |   0.0 | 290.8
       Dungeon | 100.0 | 100.0 |   0.3 |   0.0 |   0.0 | 290.8
               +-------+-------+-------+-------+-------+----------------------

Table legend:
 A = Kills in this place as a percentage of kills in entire the game.
 B = Kills by you in this place as a percentage of kills by you in the entire game.
 C = Kills by friends in this place as a percentage of kills by friends in the entire game.
 D = Other kills in this place as a percentage of other kills in the entire game.
 E = Experience gained in this place as a percentage of experience gained in the entire game.
 F = Experience gained in this place divided by the number of levels of this place that you have seen.
                   A       B       C       D       E      F
               +-------+-------+-------+-------+-------+----------------------
         Total | 100.0 | 100.0 |  -nan |  -nan | 100.0 |  49.8
       Dungeon | 100.0 | 100.0 |  -nan |  -nan | 100.0 |  49.8
               +-------+-------+-------+-------+-------+----------------------

Vault maps used:
D:1:      zaba_arrival_water, minmay_octomino_j4
D:2:      first_bread, kennysheep_small_spiral
D:3:      lemuel_castle_with_subvaults, led_sif_book, led_xom_imps,
          hangedman_decor_clover_reticule, grunt_decor_mini_mirrors, uniq_iyjb
D:4:      tgw_fedhas, lemuel_doored_altar, serial_shops, shop, serial_glass,
          glass_columns_c, glass_columns_a, glass_columns_b, glass_columns_b,
          glass_columns_b, glass_columns_a, glass_columns_b, glass_columns_a,
          feat_on_display, feat_on_display, feat_on_display
D:5:      minmay_temple_entry_overgrown, minmay_misc_feat_tiny,
          dk_noncrumbling_2, uniq_menkaure
